 Dungeon Crawl Stone Soup version 0.24-a0-282-g1a68c91 (webtiles) character file.

Game seed: 17071595927441963535

46 MatthieuS the Firebug (level 3, 0/20 HPs)
             Began as a Deep Elf Fire Elementalist on May 3, 2019.
             Was an Initiate of Vehumet.
             Slain by a bullfrog (5 damage)
             ... on level 3 of the Dungeon.
             The game lasted 00:03:15 (2083 turns).

MatthieuS the Firebug (Deep Elf Fire Elementalist)  Turns: 2083, Time: 00:03:15

Health: 0/20       AC:  2    Str:  5    XL:     3   Next: 44%
Magic:  10/10      EV: 13    Int: 20    God:    Vehumet [......]
Gold:   90         SH:  0    Dex: 15    Spells: 6/9 levels left

rFire    . . .     SeeInvis .   (no weapon)
rCold    . . .     Gourm    .   (no shield)
rNeg     . . .     Faith    .   a - +0 robe
rPois    .         Spirit   .   (no helmet)
rElec    .         Reflect  .   (no cloak)
rCorr    .         Harm     .   (no gloves)
MR       .....                  (no boots)
Stlth    ++........             (no amulet)
HPRegen  0.06/turn              (no ring)
MPRegen  0.12/turn              (no ring)

@: no status effects
A: no striking features
a: Renounce Religion


You were on level 3 of the Dungeon.
You worshipped Vehumet.
Vehumet was noncommittal.
You were hungry.

You visited 1 branch of the dungeon, and saw 3 of its levels.

You collected 90 gold pieces.

Inventory:

Armour
 a - a +0 robe (worn)
Scrolls
 d - a scroll of magic mapping {unknown}
 f - 2 scrolls of identify {unknown}
 g - a scroll of remove curse {@r2}
 h - a scroll of blinking {unknown}
 i - a scroll of enchant weapon {unknown}
Potions
 c - a potion of mutation {unknown}
 j - a potion of haste {unknown}
 k - a potion of resistance {unknown}
Comestibles
 e - 6 rations


   Skills:
 + Level 1.1 Fighting
 - Level 2.4 Dodging
 - Level 2.4 Stealth
 + Level 3.6 Spellcasting
 + Level 2.0 Conjurations
 + Level 3.7 Fire Magic


You had 6 spell levels left.
You knew the following spells:

 Your Spells              Type           Power        Failure   Level  Hunger
a - Flame Tongue          Conj/Fire      ###..        4%          1    None
b - Throw Flame           Conj/Fire      ###...       6%          2    ##.....

Your spell library contained the following spells:

 Spells                   Type           Power        Failure   Level  Hunger
 Conjure Flame            Conj/Fire      ###.....     12%         3    ###....
 Inner Flame              Hex/Fire       ##......     19%         3    ###....
 Sticky Flame             Conj/Fire      ###.....     36%         4    ####...
 Fireball                 Conj/Fire      ###.......   73%         5    ######.


Dungeon Overview and Level Annotations

Branches:
Dungeon (3/15)

Altars:
Vehumet


Message History

There is an open door here.
Done exploring.
Done exploring.
Done exploring.
There is an open door here.
There is a stone staircase leading down here.
You climb downwards.
There is a stone staircase leading up here.
An orc comes into view.
It is wielding a +0 club and wearing a +2 scale mail of fire resistance.
Aim: an orc, wielding a +0 club and wearing a +2 scale mail of fire resistance (resting)
The puff of flame hits the orc but does no damage.
The orc shouts!
You hear a croak.
A bullfrog and a worm come into view.
The bullfrog croaks.
Aim: an orc, wielding a +0 club and wearing a +2 scale mail of fire resistance The flame tongue hits the orc.
The orc resists.
Aim: an orc, wielding a +0 club and wearing a +2 scale mail of fire resistance (lightly wounded)
The flame tongue hits the orc.
The orc resists.
Aim: an orc, wielding a +0 club and wearing a +2 scale mail of fire resistance (moderately wounded)
The flame tongue hits the orc.
The orc resists.
The orc hits you but does no damage.
There is a stone staircase leading up here.
Aim: an orc, wielding a +0 club and wearing a +2 scale mail of fire resistance (severely wounded)
The flame tongue misses the bullfrog.
The flame tongue hits the orc but does no damage.
The bullfrog closely misses you. The bullfrog barely misses you.
Aim: an orc, wielding a +0 club and wearing a +2 scale mail of fire resistance (severely wounded)
The flame tongue misses the bullfrog.
The flame tongue hits the orc.
The orc resists.
You kill the orc!
Vehumet accepts your kill. The bullfrog barely misses you.
Aim: a bullfrog The flame tongue hits the bullfrog!
The bullfrog closely misses you. The bullfrog hits you!
Aim: a bullfrog (moderately wounded)
The flame tongue hits the bullfrog.
The bullfrog barely misses you.
Aim: a bullfrog (severely wounded)
The flame tongue misses the bullfrog.
The bullfrog hits you. x2
* * * LOW HITPOINT WARNING * * *
Aim: a bullfrog (severely wounded)
The flame tongue hits the bullfrog.
The bullfrog misses you.
You don't have enough magic to cast that spell.
You aren't carrying any items that you can evoke.
Unknown command.
Okay, then.
It was a potion of magic.
Magic courses through your body.
The bullfrog releases a deep croak.
The bullfrog misses you. The bullfrog hits you.
You die...

#.############
#.............
#....w..#
#w#####.# #F#
#@# #.# #.#
#.# #.# #.#
... #.#


You could see a bullfrog and a worm.

Vanquished Creatures
  4 worms (D:2)
  A leopard gecko (D:1)
  An orc (D:3)
  A giant cockroach (D:1)
  4 goblins
  4 hobgoblins (D:1)
  8 kobolds
  7 bats
  3 frilled lizards
  A rat (D:1)
34 creatures vanquished.

Notes
Turn   | Place    | Note
-------+----------+-------------------------------------------
     0 | D:1      | MatthieuS the Deep Elf Fire Elementalist began the quest
                  | for the Orb.
     0 | D:1      | Reached XP level 1. HP: 10/10 MP: 6/6
   192 | D:1      | Reached XP level 2. HP: 16/16 MP: 4/8
   899 | D:2      | Learned a level 2 spell: Throw Flame
   910 | D:2      | Found a radiant altar of Vehumet.
   922 | D:2      | Became a worshipper of Vehumet
  1027 | D:2      | Reached XP level 3. HP: 9/20 MP: 0/10
  1411 | D:2      | Reached skill level 1 in Fighting
  2070 | D:3      | Noticed a bullfrog
  2083 | D:3      | Slain by a bullfrog

Levels and vault maps discovered:
D:1:      wheals_arrival_linesprint, layout_rooms, lemuel_old_faithful
D:2:      layout_basic, overflow_temple_1_default, chequers_garden
D:3:      layout_loops_ring, uniq_natasha

Skill      XL: |  1  2  3 |
---------------+----------+-----
Fighting       | 1 |  1.1
Conjurations   | 2 |  2.0
Dodging        | |  2.4
Stealth        | |  2.4
Spellcasting   | |  3.6
Fire Magic     | |  3.7

Action                   || total
-------------------------++-------
Melee: Unarmed           ||     1
 Cast: Flame Tongue      ||    69
       Throw Flame       ||    13
  Use: Scroll            ||     1
       Potion            ||     1
  Eat: Chunk             ||     3
Armor: Robe              ||     7
Dodge: Dodged            ||    25

Table legend:
 A = Non-vault XP
 B = Vault XP
 C = Vault XP percentage of total XP
 D = Non-vault monster count
 E = Vault monster count
 F = Vault count percentage of total count
                 A         B        C        D         E       F
            +---------+---------+-------+---------+---------+-------
      Total |      66 |       0 |   0.0 |      34 |       0 |   0.0
            +---------+---------+-------+---------+---------+-------
        D:1 |      35 |       0 |   0.0 |      22 |       0 |   0.0
        D:2 |      28 |       0 |   0.0 |      11 |       0 |   0.0
        D:3 |       3 |       0 |   0.0 |       1 |       0 |   0.0
            +---------+---------+-------+---------+---------+-------
